 Dungeon Crawl Stone Soup version 0.17.1-2-g5865329 (webtiles) character file.

2612 abixa the Cleaver (level 9, -3/82 (83) HPs)
             Began as a Hill Orc Gladiator on Jan 20, 2016.
             Slain by a centaur (5 damage)
             ... while paralysed
             ... on level 8 of the Dungeon.
             The game lasted 00:21:53 (7266 turns).

abixa the Cleaver (Hill Orc Gladiator)              Turns: 7266, Time: 00:21:53

HP:   -3/82 (83)    AC: 14    Str: 18    XL:     9   Next: 60%
MP:   9/9           EV: -3    Int:  8    God:
Gold: 78            SH:  0    Dex: 14    Spells: 0 memorised, 8 levels left

rFire  . . .     SeeInvis .     a - +0 war axe
rCold  + . .     Clarity  .     H - +0 chain mail
rNeg   . . .     SustAt   .     (no shield)
rPois  .         Gourm    .     c - +0 helmet
rElec  .         Spirit   .     s - +0 cloak
rCorr  +         Warding  .     (no gloves)
rMut   .         Stasis   .     D - +0 pair of boots
MR     .....                    L - amulet of resist corrosion
Stlth  ..........               T - ring of protection from cold
                                t - ring of flight

@: paralysed, fainting, not resistant to hostile enchantments, extremely
unstealthy
A: no striking features
a: Convert to Beogh, Evoke Flight


You were on level 8 of the Dungeon.
You were fainting.

You visited 2 branches of the dungeon, and saw 9 of its levels.

You collected 477 gold pieces.
You spent 399 gold pieces at shops.

Inventory:

Hand Weapons
 a - a +0 war axe (weapon)
 A - a +0 halberd
Missiles
 d - 3 throwing nets
 f - 211 stones (quivered)
 v - 6 curare-tipped needles
 B - 33 bolts
 G - 16 sling bullets
 K - 17 poisoned needles
Armour
 c - a +0 helmet (worn)
 s - a +0 cloak (worn)
 D - a +0 pair of boots (worn)
 H - a +0 chain mail (worn)
 U - a +2 leather armour of cold resistance
Rods
 W - a +1 iron rod (3/13)
   (You found it on level 7 of the Dungeon)
Jewellery
 j - an uncursed ring of stealth
 p - an uncursed amulet of resist mutation
 t - a ring of flight (left hand)
 w - an uncursed ring of stealth
 L - an amulet of resist corrosion (around neck)
 T - a ring of protection from cold (right hand)
 X - an uncursed amulet of rage {unknown}
Wands
 y - a wand of magic darts (22)
 F - a wand of digging (12)
 S - a wand of confusion (0)
 Y - a wand of fire (7)
Scrolls
 b - 3 scrolls of enchant armour
 h - 2 scrolls of fear
 i - 3 scrolls of identify
 m - 2 scrolls of recharging
 o - 3 scrolls of remove curse
 E - a scroll of blinking
 N - 5 scrolls of noise
 P - a scroll of teleportation
 Q - 2 scrolls of vulnerability
 R - a scroll of fog
Potions
 k - 2 potions of brilliance
 l - 3 potions of magic
 n - a potion of invisibility {unknown}
 q - 3 potions of flight
 r - a potion of mutation {unknown}
 u - a potion of curing {unknown}
 x - a potion of beneficial mutation {unknown}
 z - a potion of ambrosia {unknown}
 J - 2 potions of lignification
 O - a potion of agility {unknown}
 V - a potion of degeneration {unknown}
 Z - a potion of heal wounds {unknown}
Comestibles
 e - 5 bread rations
 g - 19 fruits
 C - a slice of pizza
 I - 3 meat rations
 M - a royal jelly


   Skills:
 + Level 9.0 Fighting
 + Level 10.6 Axes
 - Level 1.7 Throwing
 + Level 7.7 Armour
 - Level 2.4 Dodging
 * Level 0.8 Evocations


You had 8 spell levels left.
You didn't know any spells.

Dungeon Overview and Level Annotations

Branches:
Dungeon (8/15)             Temple (1/1) D:4
   Lair: D:8-11

Altars:
Cheibriados
Dithmenos
Elyvilon
Fedhas
Gozag
Kikubaaqudgha
Makhleb
Nemelex Xobeh
Qazlal
Ru
Sif Muna
Trog
Xom
Yredelemnul
Zin

Shops:
D:6 ?*


Message History

You see here 2 arrows.
You lose consciousness!
The orc hits you but does no damage.
The orc priest moves out of view.
The orc warrior hits you from afar with a halberd!
The centaur shoots an arrow.
The arrow hits you. The arrow burns you.
The orc wizard mumbles some strange words.
The orc wizard blinks!
The orc hits you but does no damage.
The orc warrior hits you from afar with a halberd!
* * * LOW HITPOINT WARNING * * *
The centaur unwields an uncursed shortbow of flaming.
It stops flaming.
The centaur hits you but does no damage.
The orc hits you.
* * * LOW HITPOINT WARNING * * *
The centaur hits you but does no damage.
The orc warrior hits you from afar with a halberd!
* * * LOW HITPOINT WARNING * * *
The orc hits you but does no damage. The centaur completely misses you.
The centaur hits you.
You die...

... .. ..) #.
..# #.# #.#
#.# #.# #.#
#.# ##.###>#
##.####...##.#
#.......#c@.^#
.....##{oo####
........o##
.....##.o#
#... #..# ##
#..# oo.#
....# ...o#


You could see an orc warrior, a centaur, an orc priest and 3 orcs.

Vanquished Creatures
  Sigmund (D:6)
  A hungry ghost (D:7)
  Duvessa (D:7)
  An ice beast (D:7)
  2 sky beasts
  4 ogres
  A phantom (D:5)
  2 necrophages (D:7)
  4 centaurs (D:7)
  4 giant frogs
  Dowan (D:7)
  2 scorpions
  A hound (D:7)
  A crimson imp (D:6)
  A centaur zombie (D:7)
  A giant frog zombie (D:7)
  2 orc priests
  Ijyb (D:2)
  A jelly (D:7)
  2 orc wizards
  Terence (D:3)
  Natasha (thrice) (D:3)
  4 worker ants
  A hound zombie (D:5)
  5 adders
  A shadow imp (D:5)
  An ooze (D:3)
  7 giant geckos
  23 orcs
  2 ball pythons (D:1)
  6 bats
  2 giant cockroaches
  14 goblins
  7 hobgoblins
  5 jackals
  5 kobolds
  A quokka (D:5)
  7 giant newts
  7 rats
136 creatures vanquished.

Vanquished Creatures (others)
  A wizard (D:4)
1 creature vanquished.

Grand Total: 137 creatures vanquished

Notes
Turn   | Place    | Note
--------------------------------------------------------------
     0 | D:1      | abixa the Hill Orc Gladiator began the quest for the Orb.
     0 | D:1      | Reached XP level 1. HP: 18/18 MP: 1/1
   343 | D:1      | Reached XP level 2. HP: 23/25 MP: 2/2
   416 | D:1      | Reached skill level 5 in Axes
  1034 | D:1      | Reached XP level 3. HP: 30/30 MP: 3/3
  1160 | D:2      | Noticed Ijyb
  1174 | D:2      | Killed Ijyb
  1174 | D:2      | Reached skill level 6 in Axes
  1234 | D:2      | Found a glowing silver altar of Zin.
  1253 | D:2      | Reached XP level 4. HP: 37/37 MP: 4/4
  1715 | D:2      | Found an ancient bone altar of Kikubaaqudgha.
  1716 | D:2      | Found a sparkling altar of Nemelex Xobeh.
  1926 | D:3      | Reached skill level 7 in Axes
  2116 | D:3      | Reached XP level 5. HP: 36/42 MP: 5/5
  2368 | D:3      | Noticed Terence
  2374 | D:3      | Killed Terence
  2374 | D:3      | Reached skill level 8 in Axes
  2741 | D:3      | Reached XP level 6. HP: 50/50 MP: 6/6
  2783 | D:3      | Noticed Natasha
  2796 | D:3      | Killed Natasha
  3268 | D:3      | Noticed Natasha
  3277 | D:3      | Killed Natasha
  3290 | D:3      | Noticed Natasha
  3297 | D:3      | Killed Natasha
  3374 | D:4      | Reached skill level 9 in Axes
  3392 | D:4      | Found a staircase to the Ecumenical Temple.
  3398 | Temple   | Entered the Ecumenical Temple
  3702 | D:4      | Reached skill level 1 in Armour
  4040 | D:4      | Found a bloodstained altar of Trog.
  4041 | D:4      | Noticed a wizard
  4046 | D:4      | Killed a wizard
  4453 | D:5      | Entered Level 5 of the Dungeon
  4514 | D:5      | Reached XP level 7. HP: 43/59 MP: 7/7
  4940 | D:4      | Reached skill level 5 in Fighting
  5048 | D:5      | Found a burning altar of Makhleb.
  5149 | D:5      | Reached XP level 8. HP: 56/70 MP: 8/8
  5307 | D:6      | Found Kiapp's Assorted Antiques.
  5310 | D:6      | Bought a scroll labeled IPNALY JUAR for 26 gold pieces
  5310 | D:6      | Bought a glowing coppery potion for 23 gold pieces
  5310 | D:6      | Bought a gold wand for 104 gold pieces
  5310 | D:6      | Bought a scroll labeled ITHRUF BURUAPLE for 26 gold pieces
  5310 | D:6      | Bought a scroll labeled ITHRUF BURUAPLE for 26 gold pieces
  5310 | D:6      | Bought a scroll labeled HAOJEUMEKI for 26 gold pieces
  5310 | D:6      | Bought a scroll labeled VEIFOD XASO for 26 gold pieces
  5310 | D:6      | Bought a scroll labeled RIFAEM VOASAHO for 26 gold pieces
  5310 | D:6      | Bought a scroll labeled ITHRUF BURUAPLE for 26 gold pieces
  5517 | D:6      | Noticed Sigmund
  5550 | D:6      | Found Zarixzi's Magic Scroll Emporium.
  5567 | D:6      | Reached skill level 5 in Armour
  5625 | D:6      | Killed Sigmund
  5640 | D:6      | Bought a scroll of identify for 30 gold pieces
  5640 | D:6      | Bought a scroll of identify for 30 gold pieces
  5640 | D:6      | Bought a scroll of random uselessness for 15 gold pieces
  5643 | D:6      | Bought a scroll of noise for 15 gold pieces
  5821 | D:7      | Noticed Duvessa
  5822 | D:7      | Noticed Dowan
  6052 | D:7      | Killed Duvessa
  6052 | D:7      | Reached XP level 9. HP: 74/81 MP: 9/9
  6078 | D:7      | Killed Dowan
  6280 | D:7      | Reached skill level 10 in Axes
  6888 | D:7      | Found a blossoming altar of Fedhas.
  7265 | D:8      | HP: 1/82 [orc warrior/halberd (11)]
  7266 | D:8      | Slain by a centaur

Action                   |  1- 3 |  4- 6 |  7- 9 || total
-------------------------+-------+-------+-------++-------
Melee: War axe           |    78 |   194 |   236 ||   508
       Halberd           |       |       |    12 ||    12
Throw: Stone             |       |     6 |    10 ||    16
 Abil: Evoke Flight      |       |       |     1 ||     1
Evoke: Wand              |       |       |     3 ||     3
       Rod               |       |       |     2 ||     2
  Use: Scroll            |       |       |    12 ||    12
 Stab: Sleeping          |       |     7 |       ||     7
  Eat: Chunk             |       |    10 |    11 ||    21
